 Dungeon Crawl Stone Soup version 0.29.1-15-g9cfb28693d (webtiles) character file.

Game seed: 14907496897965871205

9013 Theopeo the Carver (level 11, -5/81 HPs)
             Began as a Demonspawn Gladiator on Mar 14, 2023.
             Was an Initiate of Gozag.
             Shot with a bolt by a tengu warrior (8 damage)
             ... on level 11 of the Dungeon on Mar 15, 2023.
             The game lasted 00:59:31 (9200 turns).

Theopeo the Carver (Demonspawn Gladiator)           Turns: 9200, Time: 00:59:33

Health: -5/81      AC: 11    Str: 18    XL:     11   Next: 17%
Magic:  11/11      EV: 14    Int: 11    God:    Gozag
Gold:   1227       SH:  5    Dex: 18    Spells: 10/10 levels left

rFire   + . .      SeeInvis .   H - +5 great sword (chaos)
rCold   . . .      Faith    .   (shield currently unavailable)
rNeg    . . .      Spirit   .   p - +2 ring mail "Boic" {Regen+}
rPois   .          Reflect  +   c - +0 helmet
rElec   .          Harm     .   I - +1 cloak {rCorr}
rCorr   +          Rampage  .   (no gloves)
Will    .....                   (no boots)
Stlth   ++++......              z - amulet of reflection
HPRegen 1.03/turn               s - ring of flight
MPRegen 0.12/turn               o - ring of protection from fire

@: gold aura, flying
A: claws 2, thin skeletal structure 2, demonic guardian 1, icemail 2,
condensation shield
a: Renounce Religion, Potion Petition, Call Merchant, Bribe Branch


You were on level 11 of the Dungeon.
You worshipped Gozag.
Gozag was most pleased with you.
You visited 1 branch of the dungeon, and saw 12 of its levels.

You collected 1337 gold pieces.
You paid 110 gold pieces to Gozag.

Inventory:

Hand Weapons
 l - a +4 dagger
 w - a +3 scimitar of freezing
 G - a +3 great sword of freezing
 H - a +5 great sword of chaos (weapon)
Missiles
 d - 3 throwing nets (quivered)
 e - a javelin
 f - 10 poisoned darts
 y - 2 atropa-tipped darts
Armour
 a - a +0 robe of fire resistance
 c - a +0 helmet (worn)
 p - the +2 ring mail "Boic" (worn) {Regen+}
   (You found it on level 5 of the Dungeon)

   Regen:     It increases your rate of health regeneration.
 u - a +2 robe of fire resistance
 I - a +1 cloak of preservation (worn)
Jewellery
 b - an amulet of regeneration
 i - an amulet of the acrobat
 n - a ring of positive energy
 o - a ring of protection from fire (right claw)
 s - a ring of flight (left claw)
 z - an amulet of reflection (around neck)
Wands
 h - a wand of flame (23)
 j - a wand of digging (5)
 q - a wand of acid (4)
 t - a wand of mindburst (1)
Scrolls
 m - 3 scrolls of poison
 r - 3 scrolls of identify
 v - a scroll of immolation {unknown}
 B - 2 scrolls of amnesia
Potions
 k - 3 potions of flight
 x - a potion of brilliance {unknown}
 A - a potion of resistance {unknown}
Miscellaneous
 C - a box of beasts


   Skills:
 + Level 5.8 Fighting
 + Level 4.5(7.1) Short Blades
 + Level 8.6(9.1) Long Blades
 + Level 4.0 Maces & Flails
 + Level 2.0 Throwing
 + Level 5.6 Armour
 + Level 6.0 Dodging
 + Level 5.1 Stealth
 + Level 5.4 Shields
 + Level 2.5 Evocations


You had 10 spell levels left.
You didn't know any spells.
Your spell library contained the following spells:

 Spells                   Type           Power      Damage    Failure   Level
 Summon Small Mammal      Summ           0%         N/A       52%         1
 Call Canine Familiar     Summ           0%         N/A       87%         3
 Summon Guardian Golem    Hex/Summ       0%         N/A       87%         3
 Summon Ice Beast         Ice/Summ       0%         N/A       99%         4
 Summon Mana Viper        Hex/Summ       0%         N/A       100%        5
 Monstrous Menagerie      Summ           0%         N/A       100%        7


Dungeon Overview and Level Annotations

Branches:
Dungeon (12/15)
 Temple: D:4-7         Lair: D:8-11         Orc: D:9-12

Altars:
Cheibriados
Dithmenos
Fedhas
Gozag
Hepliaklqana
Kikubaaqudgha
Makhleb
Nemelex Xobeh
Okawaru
Qazlal
Ru
Uskayaw
Vehumet
Xom

Shops:
D:6 :   D:9 [

Annotations:
D:4 1 runed translucent door, dvd2's ghost, novice FoAK
D:11 1 runed translucent door
D:12 3 runed translucent doors


Innate Abilities, Weirdness & Mutations

You have very sharp fingernails.
You have a moderately thin skeletal structure. (Dex +4, Stealth++)
A weak demonic guardian rushes to your aid.
A meltable icy envelope protects you from harm. (AC +0)
A meltable shield of frost defends you. (SH +0)


Message History

The tengu warrior barely misses you. x2; The tengu warrior misses you.
The tengu warrior attacks as you move away!
The tengu warrior closely misses you.
The tengu warrior pecks you but does no damage.
The tengu warrior closely misses you.
The tengu warrior is distracted by your dazzling golden aura.
The meliai invokes the aid of its god against you.
Something smites you!
* * * LOW HITPOINT WARNING * * *
The tengu warrior shouts!
The meliai hits you with a +0 war axe!
* * * LOW HITPOINT WARNING * * *
A demonic guardian appears!
The meliai stings you but does no damage.
The tengu warrior shoots a bolt.
The bolt hits your shadow imp!!
Your shadow imp dies!
Your shadow imp disappears in a puff of smoke!
There is an open door, spattered with blood here.
Things that are here:
27 gold pieces; 4 large rocks
Aiming: Mindburst
Press: ? - help, Shift-Dir - straight line, f - meliai
Aim: a meliai, wielding a +0 war axe and wearing a +0 leather armour (chance to affect: 74%)
The meliai's mind is blasted!
The meliai closely misses you.
The meliai stings you but does no damage.
You block the meliai's attack. x2
The meliai attacks as you move away! The meliai hits you but does no damage.
The meliai stings you but does no damage.
The meliai invokes the aid of its god against you.
Something smites you!
* * * LOW HITPOINT WARNING * * *
You block the meliai's attack. The meliai closely misses you.
Aiming: Mindburst
Press: ? - help, Shift-Dir - straight line, f/p - meliai
Aim: a meliai, wielding a +0 war axe and wearing a +0 leather armour (severely wounded, chance to affect: 74%)
The meliai's mind is blasted!
You blow up the meliai!
The tengu warrior shoots a bolt.
The bolt hits you!
You die...
Your body crumbles into a pile of gold.

...# ##.Q.#.# .# ###....... ...#
##..y##.# # #.######
...######...###.# #.##....
...#......Q## #.# ####.#.....
...######...###.# ###..#.#.....
.....#####...##.# ###.##.#.'.....
..##...####...# ###.#....#.##....
..##.....###.Q###...#..###.##....
...........###$)@.#......#.......
.............####...#..###.......
..##............###.#....#.......
+###......##......###.##.#.##....
..##########........###..#.######
..##......##.....#....###'.......
.................#.......).......
.................#....)....#.....
.................#.........#.....


You could see a tengu warrior.

Vanquished Creatures
  A centaur warrior (D:11)
  Nergalle (D:11)
  A deep elf pyromancer (D:11)
  2 ugly things (D:11)
  2 cyclopes (D:11)
  An unseen horror (D:11)
  A meliai (D:11)
  4 trolls
  3 shadows
  A wyvern (D:8)
  2 wraiths
  4 yaks (D:11)
  2 vampire mosquitoes (D:10)
  A steam dragon (D:8)
  3 acid dragons
  An orc warrior (D:10)
  3 centaurs
  2 phantoms
  A kobold brigand (D:7)
  3 bullfrogs
  2 scorpions
  2 necrophages
  18 wights
  3 killer bees (D:10)
  4 howler monkeys (D:9)
  A crimson imp (D:11)
  2 hounds
  2 orc priests
  A gnoll bouda (D:10)
  2 iguanas (D:6)
  6 orc wizards
  7 gnolls
  12 adders
  4 white imps
  A worm (D:3)
  A dart slug (D:3)
  14 orcs
  A bat zombie (D:10)
  An endoplasm (D:1)
  A giant cockroach (D:2)
  3 goblins
  10 hobgoblins
  8 kobolds
  6 quokkas
  4 bats
  4 frilled lizards
  2 goblin skeletons (D:4)
  A goblin zombie (D:4)
  7 hobgoblin zombies (D:4)
  A kobold skeleton (D:4)
  2 kobold zombies (D:4)
  2 orc skeletons (D:4)
  4 rats
  4 rat zombies (D:10)
182 creatures vanquished.

Vanquished Creatures (collateral kills)
  An orc priest (D:10)
  An orc (D:10)
  A bat zombie (D:10)
3 creatures vanquished.

Vanquished Creatures (others)
  A kobold (D:7)
1 creature vanquished.

Grand Total: 186 creatures vanquished

Notes
Turn   | Place    | Note
-------+----------+-------------------------------------------
     0 | D:1      | Theopeo the Demonspawn Gladiator began the quest for the
                  | Orb.
     0 | D:1      | Reached XP level 1. HP: 16/16 MP: 1/1
   252 | D:1      | Gained mutation: You have a somewhat thin skeletal
                  | structure. (Dex +2, Stealth+) [demonic ancestry]
   252 | D:1      | Reached XP level 2. HP: 23/23 MP: 2/2
   399 | D:2      | Gained mutation: You have a moderately thin skeletal
                  | structure. (Dex +4, Stealth++) [demonic ancestry]
   399 | D:2      | Reached XP level 3. HP: 10/28 MP: 3/3
  1048 | D:2      | Found an iron altar of Okawaru.
  1093 | D:2      | Reached skill level 1 in Armour
  1193 | D:2      | Reached XP level 4. HP: 34/34 MP: 4/4
  1534 | D:3      | Reached skill level 1 in Stealth
  1722 | D:3      | Gained mutation: A meltable shield of frost defends you.
                  | (SH +0) [demonic ancestry]
  1722 | D:3      | Reached XP level 5. HP: 11/39 MP: 5/5
  2348 | D:4      | Found a runed translucent door.
  2349 | D:4      | Noticed dvd2's ghost (novice FoAK)
  2437 | D:4      | Found a shimmering altar of Xom.
  2733 | D:4      | Gained mutation: A meltable icy envelope protects you from
                  | harm. (AC +0) [demonic ancestry]
  2733 | D:4      | Reached XP level 6. HP: 42/47 MP: 6/6
  2745 | D:4      | Reached skill level 1 in Short Blades
  3000 | D:5      | Entered Level 5 of the Dungeon
  3156 | D:5      | HP: 2/47 [orc wizard/+0 dagger (1)]
  3524 | D:5      | Identified the +2 ring mail "Boic" {Regen+}
  3814 | D:5      | Reached skill level 1 in Shields
  3841 | D:5      | Found a burning altar of Makhleb.
  3895 | D:5      | Found a snail-covered altar of Cheibriados.
  4139 | D:6      | Found Zysep's Book Emporium.
  4189 | D:6      | Gained mutation: You have sharp fingernails. [demonic
                  | ancestry]
  4189 | D:6      | Reached XP level 7. HP: 50/52 MP: 7/7
  4219 | D:6      | Found an opulent altar of Gozag.
  4234 | D:6      | Became a worshipper of Gozag Ym Sagoz the Greedy
  4392 | D:6      | Found a hazy altar of Hepliaklqana.
  4410 | D:6      | Reached skill level 1 in Evocations
  5301 | D:7      | Gained mutation: A meltable icy envelope protects you from
                  | harm. (AC +0) [demonic ancestry]
  5301 | D:7      | Reached XP level 8. HP: 42/57 MP: 8/8
  5387 | D:8      | Found a blossoming altar of Fedhas.
  5632 | D:8      | Noticed a death yak
  5999 | D:8      | Found a stormy altar of Qazlal.
  6405 | D:8      | Noticed a death yak
  6410 | D:8      | Found a shadowy altar of Dithmenos.
  6534 | D:9      | Reached skill level 5 in Dodging
  6602 | D:9      | Found Todgh's Armour Shoppe.
  6781 | D:9      | Gained mutation: A weak demonic guardian rushes to your
                  | aid. [demonic ancestry]
  6781 | D:9      | Reached XP level 9. HP: 65/65 MP: 9/9
  6801 | D:9      | Reached skill level 1 in Long Blades
  6832 | D:9      | Reached skill level 2 in Long Blades
  6968 | D:10     | Entered Level 10 of the Dungeon
  6971 | D:10     | Found a radiant altar of Vehumet.
  7048 | D:10     | Reached skill level 3 in Long Blades
  7054 | D:10     | Found an ancient bone altar of Kikubaaqudgha.
  7134 | D:10     | Found a sparkling altar of Nemelex Xobeh.
  7257 | D:10     | Reached skill level 4 in Long Blades
  7365 | D:10     | Noticed a troll
  7374 | D:10     | Killed a troll
  7392 | D:10     | Reached skill level 5 in Long Blades
  7493 | D:10     | Found a hide-covered altar of Uskayaw.
  7684 | D:10     | Reached skill level 5 in Armour
  7792 | D:10     | Found a sacrificial altar of Ru.
  8271 | D:11     | Noticed a troll
  8271 | D:11     | Noticed a troll
  8308 | D:11     | Gained mutation: You have very sharp fingernails. [demonic
                  | ancestry]
  8308 | D:11     | Reached XP level 10. HP: 73/73 MP: 10/10
  8327 | D:11     | Reached skill level 6 in Long Blades
  8445 | D:11     | Noticed Nergalle
  8460 | D:11     | Killed Nergalle
  8461 | D:11     | Reached skill level 5 in Fighting
  8506 | D:11     | Noticed a green ugly thing
  8509 | D:11     | Noticed a deep elf pyromancer
  8519 | D:11     | Killed a green ugly thing
  8520 | D:11     | Reached skill level 7 in Long Blades
  8524 | D:11     | Killed a deep elf pyromancer
  8525 | D:11     | Reached skill level 5 in Shields
  8640 | D:12     | Found a runed translucent gate.
  8640 | D:12     | Found a runed translucent gate.
  8641 | D:12     | Found a runed translucent gate.
  8642 | D:12     | Noticed an azure jelly
  8642 | D:12     | Noticed an azure jelly
  8642 | D:12     | Noticed an acid blob
  8642 | D:12     | Noticed a quicksilver ooze
  8645 | D:12     | Noticed an azure jelly
  8748 | D:12     | Noticed a skeletal warrior
  8748 | D:12     | Noticed a skeletal warrior
  8752 | D:12     | Noticed a white ugly thing
  8760 | D:12     | Noticed a boulder beetle
  9121 | D:11     | Noticed a cyclops
  9131 | D:11     | Killed a cyclops
  9132 | D:11     | Reached skill level 8 in Long Blades
  9139 | D:11     | Reached skill level 5 in Stealth
  9148 | D:11     | Found a runed translucent door.
  9149 | D:11     | Noticed a cyan ugly thing
  9149 | D:11     | Noticed a cyclops
  9166 | D:11     | Noticed a centaur warrior
  9171 | D:11     | Killed a cyclops
  9172 | D:11     | Reached XP level 11. HP: 73/81 MP: 11/11
  9175 | D:11     | Killed a centaur warrior
  9180 | D:11     | Identified the +7 quarterstaff of Dissatisfaction {flame,
                  | Str+4}
  9180 | D:11     | Noticed a tengu warrior
  9182 | D:11     | Killed a cyan ugly thing
  9184 | D:11     | Noticed a tengu warrior
  9198 | D:11     | HP: 1/81 [meliai/divine providence (11)]
  9200 | D:11     | Shot with a bolt by a tengu warrior

Illustrated notes

Levels and vault maps discovered:
D:1:      dpeg_arrival_arbitrary_c, layout_basic
D:2:      layout_basic, basic_altar
D:3:      minmay_diamond_boxcup, layout_basic, eino_tiny_chamber,
          minmay_quadrilaterals, uniq_sigmund
D:4:      layout_cave_pods, nicolae_tso_besieged_by_evil,
          mainiacjoe_overflow_brackets, trog_antimagical,
          minmay_temple_entry_fiery, gammafunk_ghost_grave
D:5:      layout_gridville, cheibriados_altar_1, makhleb_altar_promises_db
D:6:      layout_loops_cross, nicolae_hepliaklqana_hazy_memory,
          grunt_gozag_breadcrumbs, serial_shops, nicolae_take_the_stairs,
          amcnicky_mini_corridor_feature
D:7:      layout_rooms, lemuel_round_altar, chequers_arboretum
D:8:      layout_gridville, mainiacjoe_overflow_alcove_2,
          mainiacjoe_overflow_small_starburst, grunt_dithmenos_shadows,
          dpeg_lair_monsters
D:9:      layout_big_octagon, serial_shops, shop
D:10:     layout_gridville, mainiacjoe_overflow_alcove_1,
          nicolae_uskayaw_murder_on_the_dancefloor,
          lemuel_zombie_altar_kikubaaqudgha, kennysheep_mini_moat,
          nicolae_ru_awakened_eye
D:11:     minmay_the_grid_triangle_9x9_rhombus_thin
          [minmay_the_grid_triangle_9x9_sprig,
          minmay_the_grid_triangle_9x9_prize_center,
          minmay_the_grid_triangle_9x9_alien,
          minmay_the_grid_triangle_9x9_tough_junction], layout_gridville,
          minmay_fire_ice_demons, uniq_nergalle
D:12:     layout_basic, kennysheep_orc_monster_closet_entryway,
          gammafunk_ghost_ooze, amcnicky_mini_rare_corridor_liquid,
          chequers_serial_rivers_micro_a

Skill      XL: |  1  2  3  4  5  6  7  8  9 10 11 |
---------------+----------------------------------+-----
Maces & Flails | 3 4 |  4.0
Dodging        | 3 4 5 6 |  6.0
Armour         | 1 2 3 4 5 |  5.6
Stealth        | 1 2 3 5 |  5.1
Fighting       | 3 4 5 |  5.8
Short Blades   | 2 3 4 |  4.5
Shields        | 1 2 3 4 5 |  5.4
Evocations     | 1 2 |  2.5
Long Blades    | 5 8 |  8.6
Throwing       | 2 |  2.0

Action                   |  1- 3 |  4- 6 |  7- 9 | 10-12 || total
-------------------------+-------+-------+-------+-------++-------
Melee: Flail             |    75 |   109 |       |       ||   184
       Punch             |     1 |     1 |     6 |       ||     8
       Dagger            |       |   171 |   286 |       ||   457
       Great sword       |       |       |   152 |   104 ||   256
Throw: Dart              |       |     4 |       |       ||     4
       Throwing net      |       |       |     2 |       ||     2
       Javelin           |       |       |     1 |       ||     1
Evoke: Wand              |       |    13 |    17 |     3 ||    33
  Use: Potion            |     1 |     4 |     2 |     5 ||    12
       Scroll            |     1 |     1 |    12 |     3 ||    17
 Stab: Sleeping          |     4 |    15 |     4 |     8 ||    31
       Distracted        |       |       |     2 |     1 ||     3
       Petrifying        |       |       |       |     1 ||     1
Armor: Ring mail         |    30 |    44 |   150 |    75 ||   299
       Leather armour    |       |    35 |       |       ||    35
Dodge: Dodged            |    61 |   147 |   193 |    81 ||   482
Block: Other             |       |    32 |   150 |    60 ||   242
       Reflection        |       |       |     2 |       ||     2
